 Dungeon Crawl Stone Soup version 0.30.0-15-g856e2d3f33 (webtiles) character file.

Game seed: 12592160670799895909

68 qw the Chopper (level 4, 0/28 HPs)
             Began as a Gargoyle Fighter on May 20, 2023.
             Killed from afar by Sigmund (2 damage)
             ... with a puff of flame
             ... on level 2 of the Dungeon.
             The game lasted 00:00:45 (1598 turns).

qw the Chopper (Gargoyle Fighter)                   Turns: 1598, Time: 00:00:46

Health: 0/28       AC: 10    Str: 21    XL:     4   Next: 19%
Magic:  4/4        EV:  9    Int:  9    God:
Gold:   156        SH:  4    Dex:  9    Spells: 3/3 levels left

rFire   . . .        Y - +1 war axe (heavy)
rCold   . . .        c - +0 buckler
rNeg    + . .        b - +0 scale mail
rPois   inf          (no helmet)
rElec   +            (no cloak)
rCorr   .            (no gloves)
SInv    .            (no boots)
Will    .....        (no amulet) Stlth
                     (no ring)
HPRegen 0.24/turn    (no ring)
MPRegen 0.09/turn

%: no passive effects
@: no status effects
A: sickness immunity, AC +3, negative energy resistance 1, electricity
resistance, torment resistance 1, petrification resistance
a: no special abilities


You were on level 2 of the Dungeon.
You visited 1 branch of the dungeon, and saw 2 of its levels.

You collected 156 gold pieces.


Innate Abilities, Weirdness & Mutations

You are immune to sickness and miasma.
Your stone body is resilient. (AC +3)
You are immune to poison.
You resist negative energy. (rN+)
You are resistant to electric shocks. (rElec)
You are resistant to unholy torment.
You are immune to petrification.


   Skills:
 - Level 3.2 Fighting
 + Level 3.9 Axes
 - Level 3.2 Armour
 - Level 3.2 Shields


You had 3 spell levels left.
You didn't know any spells.
Your spell library was empty.

Inventory:

Hand Weapons
 k - a +0 mace
 Y - a +1 heavy war axe (weapon)
Armour
 b - a +0 scale mail (worn)
 c - a +0 buckler (worn)
Scrolls
 a - a scroll of blinking {unknown}
 f - a scroll of magic mapping {unknown}
 g - a scroll of teleportation
 i - a scroll of silence {unknown}
 j - a scroll of fog {unknown}
Potions
 d - a potion of might
 e - a potion of flight {unknown}
 h - a potion of cancellation {unknown}
 l - a potion of attraction {unknown}

Dungeon Overview and Level Annotations

Branches:
Dungeon (2/15)

Altars:

Shops:
D:1 *

Annotations:
D:2 Sigmund


Message History

You slice the worm!!
You kill the worm!
You start resting.
HP restored.
You see here a worm corpse.
Found an escape hatch in the floor.
Sigmund the Dreaded comes into view.
He is wielding a +0 scythe.
Found a scroll of teleportation.
Sigmund shouts!
Sigmund mumbles some strange words.
Sigmund flickers and vanishes!
Deactivating autopickup; reactivate with Ctrl-A.
You swing at nothing.
You swing at nothing.
Something hits you. x2
You swing at nothing.
Something hits you!
You swing at nothing.
Something hits you. Something hits you but does no damage.
You swing at nothing.
Something hits you.
You swing at nothing.
You hear some strange, mumbled words.
You are confused.
Something hits you but does no damage.
You bump into the rock wall.
Something hits you.
You feel less confused. Something hits you.
You miss something. Something hits you.
You slash something! Something hits you but does no damage.
You barely miss something. Something hits you but does no damage.
You barely miss something.
You hear some strange, mumbled words.
A puff of flame appears from out of thin air!
The puff of flame hits you.
You die...

#.###.....#
#.# #.....#
#.# #.....#
###.###.....#
#...........#
#.#.##.######
##.#.##.#
#..%.##.#
#.@####.#
#.{# #.#
#..>....#
#.##.?.## #..
..)# ### ....
#####


There were no monsters in sight!

Vanquished Creatures
  2 adders (D:2)
  2 worms (D:2)
  2 dart slugs (D:2)
  4 bats
  3 endoplasms (D:2)
  3 giant cockroaches
  4 goblins
  5 hobgoblins
  4 quokkas
  A ball python (D:2)
  2 frilled lizards
  A kobold (D:1)
  4 rats
37 creatures vanquished.

Notes
Turn   | Place    | Note
-------+----------+-------------------------------------------
     0 | D:1      | qw the Gargoyle Fighter began the quest for the Orb.
     0 | D:1      | Reached XP level 1. HP: 14/14 MP: 1/1
     0 | D:1      | 0 ||| qw: Version: 0.2-a-97-g499787f
     0 | D:1      | 0 ||| qw: Game counter: 61
     0 | D:1      | 0 ||| qw: Always use a shield: true
     0 | D:1      | 0 ||| qw: God list: Okawaru
     0 | D:1      | 0 ||| qw: Allow faded altars: false
     0 | D:1      | 0 ||| qw: Do Orc after D:15 true
     0 | D:1      | 0 ||| qw: Do second Lair branch before Depths: true
     0 | D:1      | 0 ||| qw: Lair rune preference: random
     0 | D:1      | 0 ||| qw: Plans: Normal, Zot:1-4, God:TSO, Crypt, Tomb,
                  | Pan, Slime:5, Hells, Abyss, Win
     0 | D:1      | 0 ||| PLANNING D:1-11
    22 | D:1      | 22 ||| Stepping ~*~*~tactically~*~*~ (hiding).
   249 | D:1      | Found Ysocu's Assorted Antiques.
   254 | D:1      | 254 ||| SHOPLISTING glowing hand axe (156 gold, have 0).
   254 | D:1      | 254 ||| SHOPLISTING glowing ring mail (182 gold, have 0).
   254 | D:1      | 254 ||| SHOPLISTING pair of jewelled boots (247 gold, have
                  | 0).
   254 | D:1      | 254 ||| SHOPLISTING scroll labelled JICOUR VOLAMN (26 gold,
                  | have 0).
   254 | D:1      | 254 ||| SHOPLISTING scroll labelled YHASOCKACOEMN (26 gold,
                  | have 0).
   254 | D:1      | 254 ||| SHOPLISTING viscous brown potion (23 gold, have 0).
   269 | D:1      | Reached XP level 2. HP: 19/19 MP: 2/2
   320 | D:1      | Found a faded altar of an unknown god.
   875 | D:1      | 875 ||| READING scroll labelled KETOAT DAKH.
   876 | D:1      | 876 ||| READING 2 scrolls labelled CERGHA ANKAZOSM.
   881 | D:1      | 881 ||| READING 2 scrolls labelled HAPLYE TAYSCH.
   882 | D:1      | 882 ||| READING scroll of brand weapon.
   882 | D:1      | 882 ||| BRANDING +1 war axe of venom.
   883 | D:1      | 883 ||| READING scroll labelled YHASOCKACOEMN.
   915 | D:2      | Reached skill level 3 in Axes
   917 | D:2      | Reached XP level 3. HP: 23/23 MP: 3/3
   964 | D:2      | 964 ||| Stepping ~*~*~tactically~*~*~ (stealth).
  1030 | D:2      | 1030 ||| Stepping ~*~*~tactically~*~*~ (stealth).
  1327 | D:2      | 1327 ||| DROPPING +0 club.
  1329 | D:2      | Reached XP level 4. HP: 28/28 MP: 4/4
  1583 | D:2      | Noticed Sigmund
  1593 | D:2      | HP: 4/28 [something (5)]
  1595 | D:2      | HP: 1/28 [something (3)]
  1598 | D:2      | Killed from afar by Sigmund

Levels and vault maps discovered:
D:1:      heliophobic_arrival_henge, layout_basic, serial_shops, shop,
          basic_ecumenical_altar
D:2:      layout_loops_cross, uniq_sigmund

Skill      XL: |  1  2 |
---------------+-------+-----
Axes           | 2 3 |  3.9
Fighting       | |  3.2
Armour         | |  3.2
Shields        | |  3.2

Action                     |  1- 3 |  4- 6 || total
---------------------------+-------+-------++-------
  Melee: War axe           |    87 |    20 ||   107
    Use: Scroll            |     5 |       ||     5
 Armour: Scale mail        |    51 |    11 ||    62
  Dodge: Dodged            |    41 |     6 ||    47
  Block: Buckler           |    15 |     2 ||    17

Table legend:
 A = Non-vault XP
 B = Vault XP
 C = Vault XP percentage of total XP
 D = Non-vault monster count
 E = Vault monster count
 F = Vault count percentage of total count
                 A         B        C        D         E       F
            +---------+---------+-------+---------+---------+-------
      Total |      98 |       0 |   0.0 |      37 |       0 |   0.0
            +---------+---------+-------+---------+---------+-------
        D:1 |      26 |       0 |   0.0 |      15 |       0 |   0.0
        D:2 |      72 |       0 |   0.0 |      22 |       0 |   0.0
            +---------+---------+-------+---------+---------+-------
